 Dungeon Crawl Stone Soup version 0.18-a0-902-g8738618 (webtiles) character file.

18 Jmtri7 the Charlatan (level 2, 0/21 HPs)
             Began as a Formicid Artificer on Dec 25, 2015.
             Slain by a yak (8 damage)
             ... on level 10 of the Dungeon.
             The game lasted 00:01:33 (382 turns).

Jmtri7 the Charlatan (Formicid Artificer)            Turns: 382, Time: 00:01:33

Health: 0/21       AC:  3    Str: 15    XL:     2   Next: 90%
Magic:  5/5        EV: 11    Int: 11    God:
Gold:   36         SH:  0    Dex: 11    Spells: 0 memorised, 1 level left

rFire  . . .     SeeInvis +     a - +0 short sword
rCold  . . .     Gourm    .     b - +0 leather armour
rNeg   . . .     Faith    .     (no shield)
rPois  .         Spirit   .     (helmet unavailable)
rElec  .         Dismiss  .     (no cloak)
rCorr  .         Reflect  .     (no gloves)
SustAt .         Harm     .     (no boots)
MR     .....                    (no amulet)
Stlth  +.........               (no ring)
                                g - ring of flight

@: not resistant to hostile enchantments, very unstealthy
A: permanent stasis, dig shafts and tunnels, four strong arms, antennae 3
a: Dig, Shaft Self, Evoke Flight


You were on level 10 of the Dungeon.
You were not hungry.

You visited 1 branch of the dungeon, and saw 6 of its levels.

You collected 36 gold pieces.

Inventory:

Hand Weapons
 a - a +0 short sword (weapon)
Armour
 b - a +0 leather armour (worn)
Jewellery
 g - a ring of flight (left hand)
Wands
 c - a wand of flame (15/48)
 d - a wand of enslavement (7/24)
 e - a wand of random effects (15/48)
 k - a wand of paralysis (7/24)
 l - a wand of digging (14/24)
Potions
 j - a potion of haste {unknown}
Comestibles
 f - a bread ration
 h - a royal jelly
 i - 3 fruits


   Skills:
 - Level 1.1 Fighting
 - Level 1.0 Short Blades
 - Level 1.7 Dodging
 - Level 1.2 Stealth
 + Level 4.3 Evocations


You had one spell level left.
You didn't know any spells.

Dungeon Overview and Level Annotations

Branches:
Dungeon (8/15)               Lair (0/8) D:8
 Temple: D:4-7

Altars:


Innate Abilities, Weirdness & Mutations

You are under a permanent stasis effect.
You can dig through walls and to a lower floor.
Your four strong arms can wield two-handed weapons with a shield.
You have a pair of large antennae on your head (SInv).


Message History

Zapping:
d - a wand of enslavement (10/24)
Press: ? - help, Shift-Dir - straight line, f/p - yak
Aim: a yak (chance to defeat MR: 54%)
The yak resists with significant effort.
This wand has 9 charges left.
The yak gores you.
Zapping:
d - a wand of enslavement (9/24)
Press: ? - help, Shift-Dir - straight line, f/p - yak
Aim: a yak (chance to defeat MR: 54%)
The yak resists with significant effort.
This wand has 8 charges left.
Your scorpion stings the yak but does no damage.
The yak gores you!
Zapping:
d - a wand of enslavement (8/24)
Press: ? - help, Shift-Dir - straight line, f/p - yak
Aim: a yak (chance to defeat MR: 54%)
The yak resists with significant effort.
This wand has 7 charges left.
Your scorpion stings the yak but does no damage.
The yak gores you!
You die...

########.# #.#
{ #.# { #####.#
#.....####+##YY
#........?...Y
#.......YY###.
#####..sY.#
#..@Y.# #.....#
#.....# #.....#
#.....# #.....#
#......
#......#


You could see 4 yaks and a friendly scorpion.

Vanquished Creatures
  A giant cockroach (D:1)
1 creature vanquished.

Vanquished Creatures (collateral kills)
  A crimson imp (D:6)
1 creature vanquished.

Grand Total: 2 creatures vanquished

Notes
Turn   | Place    | Note
--------------------------------------------------------------
     0 | D:1      | Jmtri7 the Formicid Artificer began the quest for the Orb.
     0 | D:1      | Reached XP level 1. HP: 15/15 MP: 3/3
    79 | D:1      | You fall through a shaft!
    82 | D:2      | You fall through a shaft for 2 floors!
    82 | D:4      | Noticed an iguana
    85 | D:4      | You fall through a shaft for 2 floors!
    85 | D:6      | Noticed a crimson imp
    85 | D:6      | Noticed a centaur
    85 | D:6      | Noticed a centaur skeleton
    95 | D:6      | Killed a crimson imp
    95 | D:6      | Reached skill level 4 in Evocations
    95 | D:6      | Reached XP level 2. HP: 8/21 MP: 5/5
   105 | D:6      | You fall through a shaft for 2 floors!
   105 | D:8      | Found a staircase to the Lair.
   105 | D:8      | Noticed a wolf
   105 | D:8      | Noticed a wolf
   108 | D:8      | Noticed a wolf
   108 | D:8      | Noticed a wolf
   108 | D:8      | Noticed a wolf
   108 | D:8      | You fall through a shaft for 2 floors!
   108 | D:10     | Entered Level 10 of the Dungeon
   361 | D:10     | Noticed a scorpion
   374 | D:10     | Noticed a yak
   374 | D:10     | Noticed a yak
   377 | D:10     | Noticed a yak
   377 | D:10     | Noticed a yak
   382 | D:10     | Slain by a yak

Vault maps used:
D:1:      dpeg_arrival_round_a, serial_forest, infiniplex_forest_clump_double,
          infiniplex_forest_lined_3_way, infiniplex_forest_diagonal,
          infiniplex_forest_lined_3_way, infiniplex_forest_clump_large,
          infiniplex_forest_clump_medium, infiniplex_forest_end_2
D:2:      nicolae_overflow_crystal_walls, minmay_curled_crystal, uniq_sigmund,
          uniq_crazy_yiuf_cottage
D:4:      old_standard_altar, nicolae_ru_sacrificial_ziggurat,
          minmay_temple_entry_statues, serial_shops, nicolae_shop_crystal,
          first_bread, minmay_bad_closet, uniq_edmund, uniq_blork_the_orc
D:6:      minitemple, serial_undead, serial_undead_c, serial_undead_f,
          serial_undead_b, serial_undead_a, serial_undead_a, serial_undead_e,
          serial_undead_c
D:8:      erik_lair_island, hangedman_tree_tricks
D:10:     serial_shops, nicolae_shop_statue_plus, shop, shop_statue,
          nicolae_shop_behind_doors

Action                   || total
-------------------------++-------
Melee: Short sword       ||     8
 Abil: Shaft Self        ||     5
Evoke: Wand              ||     8
